 Dungeon Crawl Stone Soup version 0.25-a0-635-g0c6c292 (webtiles) character file.

Game seed: 4495151819504949738, levelgen mode: deterministic

19 Berder the Cutter (level 2, 0/17 HPs)
             Began as a Kobold Warper on Mar 20, 2020.
             Slain by a kobold
             ... wielding a +0 whip
              (1 damage)
             ... on level 1 of the Dungeon.
             The game lasted 00:05:29 (1034 turns).

Berder the Cutter (Kobold Warper)                   Turns: 1034, Time: 00:05:30

Health: 0/17       AC:  3    Str:  8    XL:     2   Next: 95%
Magic:  5/5        EV: 14    Int: 14    God:
Gold:   32         SH:  0    Dex: 14    Spells: 5/5 levels left

rFire    . . .     SeeInvis .   a - +0 short sword
rCold    . . .     Gourm    .   (shield restricted)
rNeg     . . .     Faith    .   b - +0 leather armour
rPois    .         Spirit   .   (no helmet)
rElec    .         Reflect  .   (no cloak)
rCorr    .         Harm     .   (no gloves)
MR       .....                  (no boots)
Stlth    ++........             (no amulet)
HPRegen  0.05/turn              (no ring)
MPRegen  0.09/turn              (no ring)

@: very slightly contaminated
A: small, carnivore
a: no special abilities


You were on level 1 of the Dungeon.
You were full.

You visited 1 branch of the dungeon, and saw 2 of its levels.

You collected 32 gold pieces.

Inventory:

Hand Weapons
 a - a +0 short sword (weapon)
 k - a +0 spear
Missiles
 j - 23 stones (quivered)
Armour
 b - a +0 leather armour (worn)
Scrolls
 c - 3 scrolls of identify
 g - a scroll of enchant armour
 h - a scroll of amnesia {unknown}
 i - a scroll of fog {unknown}
Comestibles
 f - 2 rations
 l - a chunk of flesh


   Skills:
 - Level 2.1 Fighting
 + Level 4.0 Short Blades
 - Level 1.1 Throwing
 - Level 0.7 Armour
 - Level 2.4 Dodging
 - Level 1.5 Stealth
 - Level 2.1 Spellcasting
   Level 3.0 Translocations


You had 5 spell levels left.
You didn't know any spells.
Your spell library contained the following spells:

 Spells                   Type           Power        Failure   Level  Hunger
 Blink                    Tloc           N/A          14%         2    ###....
 Shroud of Golubria       Chrm/Tloc      #.....       26%         2    ###....
 Gell's Gravitas          Tloc           #.........   28%         3    ###....
 Lesser Beckoning         Tloc           #.........   28%         3    ###....
 Teleport Other           Tloc           #.......     28%         3    ###....
 Passage of Golubria      Tloc           N/A          67%         4    #####..


Dungeon Overview and Level Annotations

Branches:
Dungeon (2/15)

Altars:
The Shining One


Innate Abilities, Weirdness & Mutations

You are small and have problems with some larger weapons.
You are carnivorous and can eat meat at any time.


Message History

The frilled lizard is heavily wounded.
The frilled lizard bites you.
You closely miss the frilled lizard.
The frilled lizard is heavily wounded.
The frilled lizard bites you.
You hit the frilled lizard.
You kill the frilled lizard!
No target in view!
You butcher the giant cockroach corpse.
h - a chunk of flesh There isn't anything here!
Unknown command.
Unknown command.
Unknown command.
Unknown command.
You start resting.
Eating a chunk of flesh.
You eat the chunk of flesh.
This raw flesh tastes great.
HP restored.
A rat comes into view.
You completely miss the rat. The rat bites you.
You closely miss the rat. The rat barely misses you.
You hit the rat.
You kill the rat!
No target in view!
You start resting.
HP restored.
You open the door.
There is an open door here.
You open the door.
There is an open door here.
Found a glowing golden altar of the Shining One.
An ooze comes into view.
The ooze quivers.
The ooze moves out of view.
Found a scroll labeled OZIROPR NUIQAWN.
You hit the ooze.
The ooze is lightly wounded.
The ooze barely misses you.
You hit the ooze.
The ooze is moderately wounded.
The ooze hits you but does no damage.
You hit the ooze but do no damage.
The ooze is moderately wounded.
The ooze hits you.
You hit the ooze.
The ooze is heavily wounded.
The ooze closely misses you.
You hit the ooze but do no damage.
The ooze is heavily wounded.
The ooze hits you.
You hit the ooze.
The ooze is severely wounded.
The ooze hits you but does no damage.
You hit the ooze.
You kill the ooze!
No target in view!
You start resting.
HP restored.
A kobold comes into view.
The kobold shouts!
You hit the kobold.
You kill the kobold!
No target in view!
A dart slug comes into view.
Found a scroll labeled DABILA VUSENESM.
You see here a scroll labeled OZIROPR NUIQAWN.
h - a scroll labeled OZIROPR NUIQAWN
Found 13 gold pieces.
The helpless dart slug fails to defend itself.
You puncture the dart slug!
You kill the dart slug!
You see here a dart slug corpse.
You butcher the dart slug corpse.
l - 2 chunks of flesh There isn't anything here!
Unknown command.
Unknown command.
Unknown command.
Unknown command.
c - 4 scrolls labeled DABILA VUSENESM (gained 1) Eating one of 2 chunks of flesh.
You eat one of the 2 chunks of flesh.
This raw flesh tastes great.
Eating a chunk of flesh.
You eat the chunk of flesh.
This raw flesh tastes great.
You now have 22 gold pieces (gained 13).
A goblin comes into view. It is wielding a +0 club.
Found 10 gold pieces.
The helpless goblin fails to defend itself.
You puncture the goblin!
You kill the goblin!
You see here a +0 club.
You now have 32 gold pieces (gained 10).
A kobold comes into view. It is wielding a +0 whip.
The kobold shouts!
The kobold throws a stone.
The stone closely misses you.
You start waiting.
The kobold is too close now for your liking.
The kobold barely misses you.
You hit the kobold but do no damage. The kobold hits you but does no damage.
You hit the kobold.
You kill the kobold!
No target in view!
j - 24 stones (gained 4)
Things that are here:
a +0 whip; a kobold corpse A frilled lizard comes into view.
Throwing (i - inventory. (/) - cycle)
e - 2 boomerangs of dispersal (quivered)
Press: ? - help, Shift-Dir - straight line, f - frilled lizard
Aim: a frilled lizard (hasn't noticed you)
You throw a boomerang of dispersal. The frilled lizard hisses angrily.
The boomerang of dispersal hits the frilled lizard.
The frilled lizard blinks!
You kill the frilled lizard!
Throwing (i - inventory. (/) - cycle)
e - a boomerang of dispersal (quivered)
Press: ? - help, Shift-Dir - straight line, f - you That boomerang of dispersal is likely to hit you.
Continue anyway?
Okay, then.
Unknown command.
A rat comes into view.
Found an escape hatch in the floor.
There is an open door here.
Quiver which item? (- for none, * to show all) (? for menu, Esc to quit)
Quivering
j - 24 stones for throwing.
No target in view!
You see here a frilled lizard corpse.
You butcher the frilled lizard corpse.
Things that are here:
a chunk of flesh; a frilled lizard skeleton There isn't anything to butcher here.
Unknown command.
Unknown command.
Unknown command.
Unknown command.
l - a chunk of flesh You hit the rat but do no damage.
The rat misses you.
You barely miss the rat. The rat bites you but does no damage.
You hit the rat.
The rat is severely wounded.
The rat bites you but does no damage.
You hit the rat.
You kill the rat!
Your Short Blades skill increases to level 4!
No target in view!
No target in view!
The kobold shouts!
The kobold barely misses you.
There is an open door, spattered with blood here.
You closely miss the kobold.
The kobold drinks a potion.
The kobold seems to speed up.
You closely miss the kobold. The kobold completely misses you.
You barely miss the kobold. The kobold closely misses you. x2
You closely miss the kobold. The kobold hits you but does no damage.
You closely miss the kobold. The kobold hits you with a +0 whip.
The kobold barely misses you.
You hit the kobold.
The kobold is heavily wounded.
The kobold barely misses you.
You hit the kobold.
The kobold is severely wounded.
The kobold barely misses you.
You hit the kobold but do no damage.
The kobold is severely wounded.
The kobold hits you with a +0 whip. The kobold hits you but does no damage.
You barely miss the kobold.
The kobold is severely wounded.
The kobold hits you with a +0 whip.
You are too injured to fight recklessly!
You are too injured to fight recklessly!
Okay, then.
Blink to where?
Press: ? - help, Dir - move target cursor You are very lightly contaminated with residual magic.
As you read the scroll of blinking, it crumbles to dust.
Quiver which item? (- for none, * to show all) (? for menu, Esc to quit)
Quivering
e - a boomerang of dispersal for throwing.
Throwing (i - inventory. (/) - cycle)
e - a boomerang of dispersal (quivered)
Press: ? - help, Shift-Dir - straight line, f - kobold
Aim: a kobold, wielding a +0 whip and wearing a +0 leather armour (severely wounded, fast)
You throw a boomerang of dispersal.
The boomerang of dispersal hits the kobold but does no damage.
The kobold is severely wounded.
Throwing (i - inventory)
j - 24 stones (quivered)
Press: ? - help, Shift-Dir - straight line, f/p - kobold
Aim: a kobold, wielding a +0 whip and wearing a +0 leather armour (severely wounded, fast)
You throw a stone.
The stone hits the kobold but does no damage.
The kobold is severely wounded.
You aren't carrying any items that you can evoke.
Unknown command.
Okay, then.
As you read the scroll labeled DABILA VUSENESM, it crumbles to dust.
It is a scroll of identify.
g - a scroll of enchant armour The kobold hits you with a +0 whip.
* * * LOW HITPOINT WARNING * * *
You hit the kobold but do no damage.
The kobold is severely wounded.
The kobold hits you with a +0 whip.
You die...

# ##.## ... #.# ##'##
##### ##...## # #....
##....(## ### .# ..#
#.#.......## ##.##.#
..###..........####...#.#
.........รท.....K@.......#
...##..........####.....#
...##.#.......## ##..###
#..##.##>....## ##.# .....
##...## #.# #.### ##'##
#.# .# #.# #.# #.# #.# #
##.## #.#


You could see a kobold.

Vanquished Creatures
  An ooze (D:1)
  A dart slug (D:1)
  A bat (D:2)
  A giant cockroach (D:1)
  2 goblins
  2 frilled lizards (D:1)
  2 kobolds (D:1)
  5 rats
15 creatures vanquished.

Notes
Turn   | Place    | Note
-------+----------+-------------------------------------------
     0 | D:1      | Berder the Kobold Warper began the quest for the Orb.
     0 | D:1      | Reached XP level 1. HP: 12/12 MP: 3/3
   184 | D:2      | Reached skill level 1 in Stealth
   574 | D:1      | Reached skill level 3 in Short Blades
   574 | D:1      | Reached XP level 2. HP: 17/17 MP: 5/5
   807 | D:1      | Found a glowing golden altar of the Shining One.
  1015 | D:1      | Reached skill level 4 in Short Blades
  1034 | D:1      | Slain by a kobold

Levels and vault maps discovered:
D:1:      tarquinn_simple_flora_water_d, layout_loops_corners, tso_metal_star
D:2:      layout_rooms, led_sif_pool, lemuel_doored_altar, first_ration,
          kennysheep_boxes

Skill      XL: |  1  2 |
---------------+-------+-----
Stealth        | 1 |  1.5
Short Blades   | 3 4 |  4.0
Fighting       | |  2.1
Throwing       | |  1.1
Armour         | |  0.7
Dodging        | |  2.4
Spellcasting   | |  2.1
Translocations | |  3.0

Action                   || total
-------------------------++-------
Melee: Short sword       ||    60
Throw: Boomerang         ||     5
       Stone             ||     1
  Use: Scroll            ||     2
 Stab: Sleeping          ||     2
  Eat: Chunk             ||     5
Armor: Leather armour    ||    11
Dodge: Dodged            ||    34

Table legend:
 A = Non-vault XP
 B = Vault XP
 C = Vault XP percentage of total XP
 D = Non-vault monster count
 E = Vault monster count
 F = Vault count percentage of total count
                 A         B        C        D         E       F
            +---------+---------+-------+---------+---------+-------
      Total |      28 |       0 |   0.0 |      15 |       0 |   0.0
            +---------+---------+-------+---------+---------+-------
        D:1 |      23 |       0 |   0.0 |      12 |       0 |   0.0
        D:2 |       5 |       0 |   0.0 |       3 |       0 |   0.0
            +---------+---------+-------+---------+---------+-------
